AoeStats
← Smoothshoo

Arabia

509549388Analyzed
2v2 RM · 6d ago on Sep 27, 2026· 26m 58s· 4 players
Game mode
Random Map
Map size
Medium (4 player)
Population
200
Speed
Normal
Resources
Standard
Victory
Conquest
Starting age
Dark Age
Ending age
Imperial Age
RankedLock teamsTeams togetherTeam positionsShared explorationLock speedFull tech treeHidden civsTurbo modeCheats
Victory
Defeat
🇦🇷 Magyars · Argentina
1153
+12
🇦🇷 Ethiopians · Argentina
1051
+15
🇺🇸 Koreans · United States
1085
-15
🇺🇸 Burgundians · United States
1020
-12
Smoothshoo
9:30 Feudal Age
8:26 Double-Bit Axe
11:40 Feudal Age
11:47 Loom
12:37 Bow Saw
18:07 Horse Collar
21:22 Castle Age
23:46 Stone Mining
Angelix
3:14 Loom
10:05 Feudal Age
11:40 Double-Bit Axe
14:35 Fletching
17:28 Horse Collar
23:02 Castle Age
21:42 Gold Mining
22:30 Stone Mining
24:52 Pikeman
KUKA TIRA PIEDRA
6:35 Loom
9:44 Feudal Age
10:15 Double-Bit Axe
10:13 Horse Collar
16:29 Wheelbarrow
20:16 Castle Age
18:51 Scale Barding Armor
18:39 Gold Mining
19:20 Bloodlines
21:14 Bow Saw
21:30 Chain Barding Armor
Patovich
8:39 Loom
11:50 Feudal Age
13:49 Double-Bit Axe
18:13 Horse Collar
23:05 Wheelbarrow
25:48 Castle Age
26:39 Thumb Ring
25:56 Elite Skirmisher
26:21 Crossbowman
Connection lost

Rejoining the realm…

Still unreachable

The connection could not be restored.

Session expired

The server has moved on; the page needs a fresh start.